 Dungeon Crawl Stone Soup version v1.0-4-gf91daec (webtiles) character file.

2383 Ark the Blocker (level 9, -3/70 HPs)
             Began as a Minotaur Fighter on Feb 8, 2018.
             Was a Follower of Wu Jian.
             Slain by Pikel the meliai
             ... wielding a +0 whip of flaming
              (8 damage)
             ... on level 6 of the Dungeon.
             The game lasted 00:10:54 (5502 turns).

Ark the Blocker (Minotaur Fighter)                  Turns: 5502, Time: 00:10:56

Health: -3/70      AC:  9    Str: 24    XL:     9   Next: 22%
Magic:  8/8        EV:  9    Int:  5    God:    Wu Jian [*.....]
Gold:   274        SH:  6    Dex: 10    Spells: 8/8 levels left

rFire    . . .     SeeInvis .   a - +0 war axe
rCold    . . .     Gourm    .   h - +0 buckler
rNeg     . . .     Faith    .   b - +0 scale mail
rPois    +         Spirit   .   (helmet restricted)
rElec    .         Reflect  .   B - +0 cloak
rCorr    .         Harm     .   y - +0 pair of gloves
MR       .....                  (no boots)
Stlth    ..........             (no amulet)
HPRegen  0.21/turn              r - ring of poison resistance
MPRegen  0.11/turn              F - ring of flight

@: very slightly contaminated
A: retaliatory headbutt, horns 2, high mp 1, poison resistance, evolution 1
a: Renounce Religion, Evoke Flight


You were on level 6 of the Dungeon.
You worshipped Wu Jian.
Wu Jian was aware of your devotion.
You were not hungry.

You visited 1 branch of the dungeon, and saw 6 of its levels.
You also visited: Ossuary.

You collected 274 gold pieces.


Innate Abilities, Weirdness & Mutations

You reflexively headbutt those who attack you in melee.
You have a pair of horns on your head.
You have an increased reservoir of magic. (+10% MP)
Your system is resistant to poisons. (rPois)
You evolve.


   Skills:
 - Level 3.6 Fighting
 + Level 10.0 Axes
 - Level 4.2 Throwing
 - Level 3.6 Armour
 + Level 10.4 Shields


You had 8 spell levels left.
You didn't know any spells.

Inventory:

Hand Weapons
 a - a +0 war axe (weapon)
Missiles
 x - 13 tomahawks (quivered)
Armour
 b - a +0 scale mail (worn)
 c - a +0 shield
 h - a +0 buckler (worn)
 y - a +0 pair of gloves (worn)
 B - a +0 cloak (worn)
Jewellery
 r - a ring of poison resistance (left hand)
 F - a ring of flight (right hand)
Wands
 l - a wand of flame (22)
 s - a wand of polymorph (13)
Scrolls
 e - 5 scrolls of remove curse
 g - 4 scrolls of recharging
 k - a scroll of teleportation {@r4}
 o - a scroll of amnesia {unknown}
 u - a scroll of immolation {unknown}
 A - a scroll of enchant weapon {unknown}
 C - a scroll of magic mapping {unknown}
 E - 2 scrolls of identify {unknown}
Potions
 d - 2 potions of might
 i - 3 potions of curing {@q1}
 m - a potion of flight {unknown}
 p - 2 potions of brilliance
 q - a potion of mutation {!q}
 t - a potion of ambrosia {unknown}
 v - a potion of agility {unknown}
 z - a potion of haste {@q3}
 D - a potion of magic {unknown}
Comestibles
 f - 6 rations
 j - 6 chunks of flesh

Dungeon Overview and Level Annotations

Branches:
Dungeon (6/15)
 Temple: D:4-7

Altars:
Ashenzari
Dithmenos
Fedhas
Gozag
Ru
Trog
Uskayaw
Wu Jian
Xom

Annotations:
D:6 Pikel

............▒▒.▒....▒.▒.▒
▒...........▒.....▒...▒.▒▒
....▒▒.....o...▒.▒▒..▒▒..▒▒▒▒
.....
..▒▒▒▒.....▒▒▒..▒▒....▒▒▒▒▒
......
.........p▒▒▒...▒........▒
......▒
▒▒▒....................▒ ...
▒▒▒)..p................▒ ...
.......y...............▒
.......H...............▒
▒.......................▒
▒.......................▒
▒▒...............(.......▒
...........[..........(..▒
..............▒▒........▒
.........)....▒▒▒▒▒▒▒▒▒▒▒
..▒▒▒..........▒▒
................▒


You could see an orc warrior, 2 slaves and Pikel the meliai.


Message History

Something smites you!
* * * CRAB GONE DIE * * *
Unknown command.
Here: a slave, wearing an animal skin The floor.
Blink to where?
You are very lightly contaminated with residual magic.
As you read the scroll of blinking, it crumbles to dust.
Your surroundings seem slightly different.
A slave comes into view.
Okay, then.
Crabbold slavercrab cracks its whip.
Crabbold slavercrab hits you but does no dacastercrab.
Crabbold slavercrab stings you.
* * * CRAB GONE DIE * * *
Crabbold slavercrab calls down the wrath of its god upon you.
Something smites you!
* * * CRAB GONE DIE * * *
You block Crabbold slavercrab's attack. Crabbold slavercrab closely misses you.
The shrimp warrior gurgles!
Crabbold slavercrab says, "You'll fetch a fair price!"
You block Crabbold slavercrab's attack. Crabbold slavercrab barely misses you.
Crabbold slavercrab hits you with a whip of flaming!
* * * CRAB GONE DIE * * *
Crabbold slavercrab burns you.
* * * CRAB GONE DIE * * *
Crabbold slavercrab stings you!
Your journey is over little crab

Action                   |  1- 3 |  4- 6 |  7- 9 || total
-------------------------+-------+-------+-------++-------
Melee: War axe           |    87 |   165 |   277 ||   529
       Headbutt          |    15 |    27 |    53 ||    95
Throw: Tomahawk          |       |       |     9 ||     9
Invok: Lunge             |       |       |     7 ||     7
Evoke: Wand              |       |       |     6 ||     6
  Use: Scroll            |       |     2 |     9 ||    11
       Potion            |       |       |    11 ||    11
  Eat: Chunk             |       |     8 |     4 ||    12
       Ration            |       |       |     1 ||     1
Armor: Scale mail        |    44 |    69 |    92 ||   205
Dodge: Dodged            |    27 |    59 |   131 ||   217
Block: Shield            |    57 |    37 |       ||    94
       Buckler           |       |    26 |    79 ||   105

Vault maps used:
D:1:      lightli_arrival_windingriver
D:2:      first_ration
D:4:      lemuel_crystal_altar, kennysheep_dice
D:5:      tgw_xom, minitemple, lemuel_coloured_pillars_altar, enter_ossuary_5
D:6:      grunt_gozag_breadcrumbs, gammafunk_temple_overflow_pools,
          trog_ov_bears_minmay, uniq_menkaure, uniq_pikel
Ossuary:  ossuary_tomb_2

Notes
Turn   | Place    | Note
-------+----------+-------------------------------------------
     0 | D:1      | Ark the Minotaur Fighter began the quest for the Orb.
     0 | D:1      | Reached XP level 1. HP: 19/19 MP: 0/0
    85 | D:1      | Reached skill level 4 in Shields
    86 | D:1      | Reached skill level 3 in Axes
    86 | D:1      | Reached XP level 2. HP: 25/26 MP: 1/1
   419 | D:1      | Reached XP level 3. HP: 27/31 MP: 2/2
  1012 | D:2      | Reached skill level 4 in Axes
  1012 | D:2      | Reached XP level 4. HP: 25/39 MP: 3/3
  1261 | D:2      | Reached skill level 5 in Shields
  1984 | D:3      | Reached XP level 5. HP: 20/45 MP: 4/4
  2164 | D:4      | Reached skill level 5 in Axes
  2282 | D:4      | Reached skill level 6 in Shields
  2347 | D:4      | Found a shattered altar of Ashenzari.
  2588 | D:4      | Reached XP level 6. HP: 48/51 MP: 5/5
  2917 | D:4      | Reached skill level 6 in Axes
  3057 | D:5      | Entered Level 5 of the Dungeon
  3105 | D:5      | Reached skill level 7 in Shields
  3133 | D:5      | Reached skill level 1 in Throwing
  3162 | D:5      | Reached XP level 7. HP: 36/57 MP: 6/6
  3188 | D:5      | Found a sand-covered staircase.
  3192 | Ossuary  | Entered an ossuary
  3585 | Ossuary  | Reached skill level 2 in Throwing
  3648 | Ossuary  | Reached skill level 7 in Axes
  3936 | D:5      | Reached skill level 3 in Throwing
  3936 | D:5      | Reached skill level 8 in Shields
  4035 | D:5      | Found an ornate altar of the Wu Jian Council.
  4240 | D:5      | Became a worshipper of the Wu Jian Council
  4243 | D:5      | Found a blossoming altar of Fedhas.
  4243 | D:5      | Found a sacrificial altar of Ru.
  4243 | D:5      | Found a shadowy altar of Dithmenos.
  4320 | D:5      | Reached XP level 8. HP: 64/64 MP: 7/7
  4344 | D:5      | Found a hide-covered altar of Uskayaw.
  4583 | D:5      | Found a shimmering altar of Xom.
  4772 | D:5      | Reached skill level 8 in Axes
  4968 | D:6      | Reached skill level 4 in Throwing
  5191 | D:6      | Found a bloodstained altar of Trog.
  5192 | D:6      | Noticed Pikel
  5200 | D:6      | Reached skill level 9 in Shields
  5205 | D:6      | Reached * piety under Wu Jian
  5213 | D:6      | Reached skill level 9 in Axes
  5231 | D:6      | Noticed Pikel
  5231 | D:6      | Pikel changed into Pikel the meliai
  5237 | D:6      | Found an opulent altar of Gozag.
  5258 | D:6      | Noticed Menkaure
  5322 | D:6      | Killed Menkaure
  5322 | D:6      | Reached XP level 9. HP: 21/70 MP: 8/8
  5322 | D:6      | Reached skill level 10 in Shields
  5323 | D:6      | Gained mutation: You have a pair of large horns on your head. [potion of mutation]
  5323 | D:6      | Gained mutation: You are somewhat resistant to further mutation. [potion of mutation]
  5347 | D:6      | Lost mutation: You have a pair of large horns on your head. [potion of mutation]
  5347 | D:6      | Lost mutation: You are somewhat resistant to further mutation. [potion of mutation]
  5347 | D:6      | Gained mutation: You evolve. [potion of mutation]
  5347 | D:6      | Gained mutation: Your system is resistant to poisons. (rPois) [potion of mutation]
  5347 | D:6      | Gained mutation: You have an increased reservoir of magic. (+10% MP) [potion of mutation]
  5409 | D:6      | Reached skill level 10 in Axes
  5501 | D:6      | HP: 7/70 [Pikel the meliai/divine providence (13)]
  5502 | D:6      | Slain by Pikel the meliai

Vanquished Creatures
  Menkaure (D:6)
  A sky beast (D:6)
  3 ice beasts
  An orc warrior (D:6)
  2 slaves
  2 black bears (D:6)
  3 ogres
  2 water moccasin zombies (Ossuary)
  2 bullfrogs (D:6)
  A wyvern skeleton (D:6)
  3 killer bees (D:6)
  2 crimson imps
  2 centaur zombies
  A quasit (D:6)
  A hound (D:5)
  5 orc wizards
  2 bullfrog skeletons
  An orc priest (D:4)
  A centaur skeleton (D:4)
  5 worker ants
  A killer bee zombie (D:5)
  2 big kobold zombies (Ossuary)
  2 mummies (Ossuary)
  A worker ant zombie (D:6)
  8 gnolls (D:5)
  A howler monkey skeleton (D:6)
  5 adders
  4 adder zombies (Ossuary)
  6 worms
  A dart slug (D:2)
  3 leopard geckos
  31 orcs
  3 ball pythons
  12 bats
  6 giant cockroaches
  2 gnoll zombies (Ossuary)
  11 goblins
  5 hobgoblins
  12 jackals
  4 quokkas
  2 frilled lizards
  6 hobgoblin zombies (Ossuary)
  9 kobolds
  4 kobold zombies (Ossuary)
  A leopard gecko skeleton (D:6)
  4 orc zombies (Ossuary)
  6 rats
193 creatures vanquished.
